Map: Frozen Temple

Players

Elazer - Winner!

  • Race: Zerg Zerg

ShoWTimE

  • Race: Protoss Protoss

Event: 2016 WCS Global Finals

VOD

https://www.youtube.com/watch?v=-iq1fUsO1dk&t=5s

Description

Time

  • Played on: Nov. 4, 2016, 3:24 p.m.
  • Length: 18:29

All games in this series

Show
View Real Time Build Order
Export as new Build Order

Elazer Zerg - Winner!

Build Orders: Pool First 

Get SALT Encoding   

  12  0:00  Drone  
  13  0:13  Overlord  
  13  0:17  Drone  
  14  0:31  Drone x2  
  17  0:35  Drone  
  17  0:45  Drone, Extractor  
  17  0:50  Spawning Pool  
  17  0:56  Drone  
  17  1:07  Drone  
  18  1:17  Drone  
  19  1:22  Hatchery  
  18  1:37  Zergling x2, Queen  
  21  1:44  Metabolic Boost  
  21  1:49  Overlord  
  21  1:53  Drone  
  22  2:08  Drone  
  23  2:11  Drone  
  23  2:12  Queen  
  26  2:26  Drone  
  27  2:33  Zergling x2  
  27  2:35  Zergling x2, Pneumatized Carapace  
  29  2:45  Hatchery  
  29  2:49  Drone x2  
  29  2:50  Drone  
  31  2:53  Drone  
  32  2:59  Drone  
  32  3:01  Overlord  
  33  3:09  Drone  
  33  3:12  Drone  
  35  3:19  Drone, Queen  
  38  3:20  Drone  
  38  3:21  Drone  
  38  3:22  Drone  
  38  3:27  Drone  
  42  3:30  Baneling Nest  
  42  3:32  Drone  
  42  3:36  Drone  
  43  3:41  Drone  
  43  3:42  Evolution Chamber  
  43  3:44  Overlord  
  43  3:49  Drone  
  44  3:57  Queen  
  44  3:58  Zergling x4  
  44  3:59  Drone  
  44  4:00  Drone  
  50  4:07  Zergling x4  
  50  4:08  Zergling x6  
  55  4:11  Zerg Melee Weapons Level 1  
  55  4:20  Overlord  
  55  4:21  Zergling x4  
  55  4:22  Baneling  
  55  4:23  Baneling  
  57  4:26  Drone  
  57  4:27  Drone, Extractor  
  57  4:29  Overlord  
  57  4:30  Baneling  
  58  4:36  Overlord  
  58  4:38  Baneling, Queen  
  58  4:41  Zergling x4  
  58  4:42  Drone x2  
  58  4:45  Drone  
  65  4:50  Drone  
  65  4:51  Drone x2  
  68  4:57  Overlord  
  68  4:59  Drone x4  
  72  5:05  Drone x2  
  74  5:09  Overlord  
  74  5:16  Extractor  
  74  5:17  Drone  
  74  5:19  Lair, Hatchery  
  73  5:21  Drone  
  73  5:25  Drone x2  
  75  5:29  Drone, Overlord  
  75  5:30  Drone x2  
  75  5:33  Drone x2  
  75  5:34  Drone  
  79  5:38  Overlord  
  79  5:39  Drone  
  79  5:42  Drone x3  
  83  5:43  Baneling x2  
  83  5:44  Baneling  
  83  5:45  Baneling  
  83  5:50  Roach Warren  
  83  5:51  Extractor  
  83  5:53  Drone  
  83  5:54  Drone  
  83  5:58  Overlord  
  83  6:02  Drone x2  
  83  6:03  Drone x2  
  87  6:07  Drone  
  87  6:10  Overlord  
  88  6:11  Drone  
  88  6:12  Drone x2  
  88  6:16  Drone x3  
  88  6:17  Extractor  
  92  6:19  Centrifical Hooks, Zerg Melee Weapons Level 2  
  92  6:22  Overlord  
  92  6:28  Hatchery  
  92  6:32  Roach x2  
  99  6:33  Roach x2  
  99  6:42  Overlord  
  99  6:46  Overlord  
  97  6:47  Drone  
  97  6:49  Drone x2  
  97  6:50  Drone x2  
  98  6:55  Roach x4  
  98  6:56  Roach x2  
  110  7:06  Drone x4  
  112  7:14  Roach x3  
  118  7:15  Zergling x2  
  118  7:16  Zergling x10  
  118  7:22  Overlord  
  124  7:23  Zergling x2  
  124  7:24  Zergling x14  
  132  7:31  Zergling x2, Overlord  
  130  7:39  Zergling x8  
  130  7:42  Ravager  
  130  7:43  Ravager x3, Overlord x2  
  130  7:44  Zergling x8  
  138  7:47  Baneling x4  
  138  7:48  Zergling x2  
  138  7:49  Zergling x6  
  145  7:53  Overlord  
  145  7:54  Zergling x14  
  152  8:01  Ravager x8  
  152  8:03  Ravager, Overlord x2  
  161  8:06  Zergling x6  
  164  8:18  Zergling x20  
  164  8:19  Zergling x2  
  175  8:24  Overlord  
  175  8:26  Baneling x8  
  175  8:27  Baneling x5  
  173  8:30  Zergling x16  
  165  8:48  Zergling x8  
  165  8:49  Zergling x6  
  165  8:54  Zergling x2  
  165  8:55  Zergling x14  
  164  9:02  Zergling x14  
  159  9:06  Overlord  
  150  9:16  Zergling x22  
  159  9:20  Baneling x9  
  159  9:23  Zergling x4  
  159  9:27  Infestation Pit  
  158  9:33  Zergling x2  
  158  9:34  Zergling x8  
  158  9:38  Overlord  
  161  9:43  Zergling x8  
  161  9:44  Baneling  
  161  9:45  Baneling x7  
  165  9:47  Overlord  
  165  9:48  Zergling x6  
  165  9:49  Zergling x12  
  174  9:54  Zergling x2  
  174  9:55  Zergling x2  
  176  10:08  Zergling x24  
  182  10:17  Zergling x18  
  182  10:18  Zergling x8  
  182  10:20  Hive  
  195  10:28  Zergling x6, Spire  
  198  10:30  Baneling x5  
  198  10:31  Baneling x2  
  198  10:32  Baneling  
  197  10:35  Zergling x2  
  197  10:36  Zergling x4  
  197  10:37  Baneling x5  
  195  11:00  Zergling x10  
  200  11:06  Baneling x7  
  200  11:17  Baneling  
  200  11:18  Baneling x6  
  200  11:21  Extractor  
  193  11:36  Adrenal Glands  
  193  11:40  Baneling x11  
  193  11:44  Greater Spire  
  193  11:47  Hatchery, Corruptor x3  
  161  12:06  Zergling x12  
  161  12:07  Zergling x8  
  154  12:13  Zergling x36  
  154  12:14  Zergling x18  
  148  12:17  Zergling x10  
  148  12:18  Zergling x10  
  146  12:23  Zergling x2  
  146  12:24  Zergling x8  
  150  12:34  Queen  
  144  12:47  Corruptor x2  
  130  13:00  Zergling x2  
  130  13:01  Zergling x12  
  130  13:04  Brood Lord x2  
  124  13:06  Baneling x7  
  124  13:13  Corruptor x2  
  127  13:25  Hatchery  
  127  13:26  Brood Lord x2  
  130  13:28  Zergling x14  
  135  13:53  Corruptor x3  
  141  13:56  Zergling x2  
  141  13:57  Zergling x12  
  141  13:58  Zergling x8  
  142  14:12  Zergling x16  
  147  14:26  Zergling x8  
  147  14:27  Zergling x2  
  147  14:28  Zergling x10  
  157  14:35  Hatchery  
  153  14:43  Brood Lord  
  153  14:44  Brood Lord  
  153  15:00  Zergling x22  
  159  15:15  Zergling x14  
  148  15:30  Brood Lord x3  
  148  15:32  Corruptor x3  
  156  15:36  Baneling  
  156  15:37  Baneling x7  
  156  15:39  Zergling x4  
  157  15:54  Zergling x14  
  164  16:00  Zergling x2  
  164  16:01  Zergling x10  
  170  16:08  Corruptor  
  172  16:22  Zergling x16  
  180  16:44  Zergling x2  
  180  16:45  Zergling x12  
  184  16:57  Brood Lord  
  184  16:58  Brood Lord x3  
  184  17:00  Extractor  
  184  17:01  Extractor  
  189  17:13  Hatchery  
  181  17:21  Zergling x8  
  181  17:22  Zergling x16  
  190  17:26  Baneling x7  
  190  17:27  Baneling x2  
  190  17:28  Baneling  
  181  17:43  Zergling x2  
  181  17:44  Zergling x16  
  172  17:50  Zergling x14  
  156  17:53  Zergling x2  
  156  17:54  Zergling x2  
  131  18:00  Zergling x2  
  131  18:01  Zergling x8  
  131  18:04  Zergling x2  
  131  18:05  Zergling x2  
  134  18:07  Zergling x4  
Show
View Real Time Build Order
Export as new Build Order

ShoWTimE Protoss 

Build Orders: 1 Gate Expand, Zealot Archon 

Get SALT Encoding   

  12  0:00  Probe (Chrono Boost)  
  13  0:11  Probe (Chrono Boost)  
  14  0:17  Pylon  
  14  0:22  Probe (Chrono Boost)  
  15  0:36  Probe (Chrono Boost)  
  15  0:38  Gateway  
  16  0:45  Assimilator  
  16  0:47  Probe (Chrono Boost)  
  17  0:57  Probe (Chrono Boost)  
  18  1:08  Probe (Chrono Boost)  
  19  1:22  Nexus  
  19  1:25  Probe (Chrono Boost)  
  20  1:34  Cybernetics Core  
  20  1:38  Probe (Chrono Boost)  
  21  1:43  Assimilator  
  21  1:49  Probe (Chrono Boost)  
  21  1:52  Pylon  
  22  1:59  Probe (Chrono Boost)  
  23  2:08  Adept  
  23  2:11  Warp Gate  
  23  2:12  Probe (Chrono Boost)  
  26  2:25  Mothership Core (Chrono Boost)  
  28  2:35  Probe (Chrono Boost)  
  29  2:41  Twilight Council  
  29  2:43  Adept, Probe (Chrono Boost)  
  30  2:46  Probe (Chrono Boost)  
  33  2:53  Probe (Chrono Boost)  
  35  2:58  Probe (Chrono Boost)  
  35  3:04  Probe (Chrono Boost)  
  36  3:06  Adept  
  36  3:08  Resonating Glaives  
  36  3:11  Probe (Chrono Boost)  
  39  3:15  Probe (Chrono Boost)  
  40  3:22  Gateway  
  40  3:26  Probe (Chrono Boost)  
  42  3:27  Gateway, Probe (Chrono Boost)  
  42  3:30  Pylon  
  42  3:35  Adept  
  42  3:36  Probe (Chrono Boost)  
  42  3:38  Probe (Chrono Boost)  
  47  3:48  Probe x2 (Chrono Boost)  
  47  3:50  Pylon  
  48  3:59  Probe x2 (Chrono Boost)  
  50  4:08  Nexus  
  51  4:10  Probe (Chrono Boost)  
  51  4:11  Probe (Chrono Boost)  
  52  4:20  Adept x2, Probe (Chrono Boost)  
  52  4:21  Adept  
  60  4:24  Probe (Chrono Boost)  
  60  4:27  Pylon  
  60  4:31  Probe (Chrono Boost)  
  61  4:36  Probe (Chrono Boost)  
  61  4:37  Robotics Facility  
  62  4:45  Probe (Chrono Boost)  
  63  4:48  Pylon  
  63  4:49  Stalker x2, Probe (Chrono Boost)  
  68  4:56  Probe (Chrono Boost)  
  70  5:01  Probe (Chrono Boost)  
  70  5:03  Pylon  
  70  5:06  Probe (Chrono Boost)  
  71  5:11  Forge, Sentry  
  71  5:12  Sentry  
  71  5:13  Probe (Chrono Boost), Sentry  
  78  5:20  Warp Prism, Probe x2 (Chrono Boost)  
  80  5:23  Pylon  
  80  5:25  Probe (Chrono Boost)  
  83  5:29  Protoss Ground Weapons Level 1  
  83  5:31  Probe (Chrono Boost)  
  83  5:33  Probe (Chrono Boost)  
  82  5:37  Assimilator, Probe (Chrono Boost)  
  82  5:40  Assimilator  
  82  5:41  Pylon, Probe (Chrono Boost)  
  83  5:45  Gateway  
  83  5:46  Gateway  
  83  5:49  Gateway  
  85  5:50  Probe (Chrono Boost)  
  85  5:51  Probe (Chrono Boost)  
  85  5:54  Observer  
  85  5:56  Probe (Chrono Boost)  
  87  6:00  Stalker  
  87  6:02  Probe (Chrono Boost)  
  87  6:03  Probe (Chrono Boost)  
  91  6:13  Charge  
  91  6:15  Probe (Chrono Boost)  
  91  6:17  Probe (Chrono Boost)  
  93  6:20  Immortal  
  93  6:23  Assimilator  
  93  6:24  Probe (Chrono Boost)  
  98  6:27  Assimilator  
  98  6:29  Probe x2 (Chrono Boost)  
  100  6:35  Photon Cannon  
  100  6:44  Probe (Chrono Boost)  
  101  6:50  Probe (Chrono Boost)  
  102  6:54  Immortal  
  102  6:57  Gateway  
  102  7:00  Photon Cannon, Gateway  
  106  7:01  Gateway  
  106  7:03  Gateway  
  105  7:15  Templar Archives  
  104  7:17  Zealot x5  
  114  7:27  Photon Cannon  
  114  7:31  Pylon, Protoss Shields Level 1  
  114  7:33  Immortal  
  114  7:39  Pylon  
  114  7:45  Photon Cannon  
  114  7:51  High Templar x4  
  114  7:52  Zealot  
  114  7:56  Photon Cannon  
  114  7:58  Archon x2  
  124  8:00  Pylon  
  124  8:02  Photon Cannon  
  124  8:08  High Templar  
  124  8:09  High Templar, Zealot x2  
  132  8:13  Archon  
  132  8:16  Pylon  
  132  8:18  Pylon  
  132  8:20  Pylon  
  132  8:25  Pylon  
  127  8:27  Adept  
  127  8:31  Adept, High Templar x2, Pylon  
  127  8:32  Adept, Pylon, Zealot x2  
  141  8:35  Archon  
  141  8:37  Zealot  
  141  8:39  Pylon  
  147  8:45  Zealot x2  
  148  8:49  Immortal  
  148  8:54  Zealot x3  
  148  8:55  Zealot  
  154  8:58  Zealot  
  151  9:08  Probe x2 (Chrono Boost)  
  141  9:11  Probe (Chrono Boost)  
  141  9:14  Zealot, Cybernetics Core  
  141  9:15  Nexus, Zealot  
  145  9:17  Pylon x2  
  145  9:20  Probe (Chrono Boost)  
  145  9:24  Protoss Ground Weapons Level 2  
  146  9:30  High Templar x4  
  154  9:35  Archon x2, Pylon  
  154  9:48  Zealot x2  
  154  9:49  Pylon  
  158  9:55  Nexus, Pylon  
  158  9:56  Probe x3 (Chrono Boost)  
  161  10:00  High Templar x2  
  161  10:04  Archon  
  165  10:07  Zealot x2  
  165  10:09  Pylon  
  162  10:17  High Templar x2, Zealot x2  
  170  10:23  Pylon  
  170  10:25  Archon  
  169  10:28  High Templar  
  169  10:29  High Templar, Zealot x2  
  169  10:34  Archon  
  177  10:42  Pylon x2  
  177  10:45  High Templar x2  
  177  10:49  Pylon  
  181  10:51  Archon  
  181  10:56  Zealot x2  
  179  11:01  High Templar x2, Probe (Chrono Boost), Zealot x2  
  188  11:06  Archon  
  188  11:08  Assimilator  
  188  11:10  Assimilator  
  188  11:15  Photon Cannon  
  188  11:17  Zealot x4  
  196  11:21  Zealot  
  198  11:30  Zealot  
  200  11:35  Photon Cannon  
  200  11:38  Photon Cannon  
  200  11:40  Photon Cannon  
  174  12:04  Zealot x2  
  174  12:05  Zealot x5  
  158  12:10  Immortal  
  158  12:11  Zealot x2  
  158  12:12  Zealot  
  104  12:28  High Templar x4  
  104  12:29  High Templar x2  
  114  12:32  Archon x2  
  114  12:33  High Templar x2, Zealot  
  114  12:34  Zealot  
  120  12:38  Archon x2  
  120  12:44  Warp Prism  
  110  12:57  Zealot x2  
  112  13:04  High Templar  
  112  13:05  High Templar x3  
  84  13:06  High Templar  
  84  13:07  High Templar, Zealot x2  
  84  13:11  Archon x3  
  92  13:14  Blink  
  92  13:20  Stalker x2  
  92  13:22  Pylon  
  95  13:38  Stalker x2  
  95  13:40  Stalker  
  95  13:41  Stalker x3  
  107  13:49  Zealot x2  
  107  13:51  Zealot  
  112  14:08  High Templar x4  
  118  14:10  Zealot x2  
  118  14:13  Archon  
  118  14:14  Archon  
  120  14:25  High Templar  
  120  14:26  High Templar, Stalker x2  
  120  14:30  Archon  
  128  14:34  Zealot x2  
  132  14:41  High Templar x2, Zealot x2  
  132  14:44  Photon Cannon  
  132  14:45  Archon  
  140  14:52  Stalker x2  
  140  15:04  Assimilator  
  140  15:07  Zealot x2  
  140  15:10  Zealot  
  140  15:11  Sentry  
  140  15:13  Zealot  
  150  15:17  Zealot  
  147  15:25  High Templar x2  
  147  15:26  Zealot x2  
  141  15:29  Archon  
  141  15:30  Zealot  
  141  15:31  Zealot, Psionic Storm  
  141  15:33  Nexus  
  141  15:35  Pylon  
  145  15:36  Zealot x3  
  149  15:50  Pylon  
  149  15:54  High Templar x2  
  153  15:58  Zealot x4  
  161  16:08  Stalker x2  
  163  16:12  Stalker x2  
  167  16:19  Stalker  
  168  16:26  Stalker x2  
  170  16:38  Stalker  
  170  16:46  High Templar  
  172  16:55  Assimilator  
  172  16:57  Assimilator  
  172  16:58  Stargate  
  172  17:05  Zealot  
  172  17:07  Zealot x2  
  176  17:12  Zealot  
  174  17:28  Cybernetics Core  
  170  17:31  Zealot x4  
  165  17:41  Zealot x3  
  115  17:52  Zealot x2  
  115  17:53  Zealot  
  95  18:04  Zealot x2  
  81  18:10  Stalker x2  
  85  18:19  Stalker x2  
Tags
 
Add a new tag
Caveats
  • Supply blocks, unpowered buildings, or Contaminate may cause inaccurate times.
  • Supply counts are checked every 10 seconds.